 Dungeon Crawl Stone Soup version 0.22-a0-166-g5351223 (webtiles) character file.

177 Borgoz the Skirmisher (level 5, -2/42 HPs)
             Began as a Merfolk Abyssal Knight on Feb 13, 2018.
             Was a Believer of Lugonu.
             Killed from afar by an orc wizard (7 damage)
             ... with a puff of flame
             ... on level 3 of the Dungeon.
             The game lasted 00:04:22 (2802 turns).

Borgoz the Skirmisher (Merfolk Abyssal Knight)      Turns: 2802, Time: 00:04:22

Health: -2/42      AC:  8    Str: 13    XL:     5   Next: 57%
Magic:  7/7        EV:  6    Int: 11    God:    Lugonu [**....]
Gold:   113        SH:  0    Dex: 14    Spells: 4/4 levels left

rFire    + . .     SeeInvis .   a - +1 falchion
rCold    . . .     Gourm    .   q - +0 shield
rNeg     . . .     Faith    .   s - +0 chain mail (curse)
rPois    .         Spirit   .   (no helmet)
rElec    .         Reflect  .   (no cloak)
rCorr    .         Harm     +   (no gloves)
MR       .....                  (no boots)
Stlth    ..........             g - amulet of harm
HPRegen  0.14/turn              n - +2 ring of evasion
MPRegen  0.10/turn              r - ring of protection from fire

@: confused
A: change form in water, swift swim, stealthy swim
a: Depart the Abyss, Bend Space, Renounce Religion


You were on level 3 of the Dungeon.
You worshipped Lugonu.
Lugonu was pleased with you.
You were not hungry.

You visited 1 branch of the dungeon, and saw 3 of its levels.
You visited the Abyss 1 time.

You collected 113 gold pieces.

Inventory:

Hand Weapons
 a - a +1 falchion (weapon)
Armour
 q - a +0 shield (worn)
 s - a cursed +0 chain mail (worn)
Jewellery
 b - an uncursed ring of ice
 g - an amulet of harm (around neck)
 n - a +2 ring of evasion (left hand)
 r - a ring of protection from fire (right hand)
Scrolls
 d - 6 scrolls of remove curse {unknown}
 e - 2 scrolls of fog {unknown}
 f - 3 scrolls of teleportation {unknown}
 h - a scroll of enchant armour {unknown}
 i - a scroll of random uselessness {unknown}
 k - 3 scrolls of identify {unknown}
 m - a scroll of enchant weapon {unknown}
 t - a scroll of blinking {unknown}
Potions
 j - a potion of heal wounds {unknown}
 l - a potion of berserk rage {unknown}
 o - a potion of flight {unknown}
 p - a potion of degeneration {unknown}
Comestibles
 c - 4 rations


   Skills:
 + Level 4.0 Fighting
 + Level 3.3 Long Blades
 + Level 1.8 Armour
 + Level 4.0 Dodging
 + Level 3.1 Invocations


You had 4 spell levels left.
You didn't know any spells.

Dungeon Overview and Level Annotations

Branches:
Dungeon (3/15)

Altars:
Nemelex Xobeh


Message History

The orc wizard flickers and vanishes!
Deactivating autopickup; reactivate with Ctrl-A.
You see here a dagger.
Your shield prevents you from hitting something.
Something hits you but does no damage.
You hear some strange, mumbled words.
A magic dart appears from out of thin air!
The magic dart hits you!
* * * LOW HITPOINT WARNING * * *
Things that are here:
a flail; an orc corpse You hear some strange, mumbled words.
A puff of flame appears from out of thin air!
The puff of flame hits you! You resist.
* * * LOW HITPOINT WARNING * * *
You miss something. Something hits you but does no damage.
You hear some strange, mumbled words.
A puff of flame appears from out of thin air!
The puff of flame hits you! You resist.
You die...

##...## # #.#.#.#
##.....##.####.#.#.#
##.......#...........
#.........####...##.#
+.........+..........
#.........####...##.#
#.......# ##.###.#
#){)..# ##....#
##@).## #.#### ##'##
#.# #.# #.# #.######
#.#
######.##...#####.#
...................#
#####..........#####
#......<......#
#.#..#........#


There were no monsters in sight!

Vanquished Creatures
  Jessica (D:2)
  2 orc wizards
  An adder (D:2)
  An ooze (D:2)
  5 worms (D:2)
  2 dart slugs (D:1)
  A leopard gecko (D:1)
  4 orcs
  3 giant cockroaches
  2 goblins
  8 hobgoblins
  3 jackals (D:3)
  10 kobolds
  8 bats
  6 frilled lizards
  6 rats
63 creatures vanquished.

Notes
Turn   | Place    | Note
-------+----------+-------------------------------------------
     0 | Abyss:1  | Borgoz the Merfolk Abyssal Knight began the quest for the Orb.
     0 | Abyss:1  | Reached XP level 1. HP: 18/18 MP: 2/2
    75 | Abyss:1  | Found a corrupted altar of Lugonu.
   113 | Abyss:1  | Noticed a wretched star
   126 | Abyss:2  | Noticed a hellwing
   148 | Abyss:3  | Found a burning altar of Makhleb.
   154 | Abyss:3  | Noticed a neqoxec
   155 | D:1      | Escaped the Abyss
   235 | D:1      | Reached * piety under Lugonu
   259 | D:1      | Reached XP level 2. HP: 22/24 MP: 3/3
   667 | D:1      | Reached skill level 1 in Armour
   994 | D:1      | Reached XP level 3. HP: 24/29 MP: 4/4
  1734 | D:2      | Reached ** piety under Lugonu
  1766 | D:2      | Reached XP level 4. HP: 28/37 MP: 5/5
  1874 | D:2      | Noticed Jessica
  1879 | D:2      | Killed Jessica
  1911 | D:2      | Reached XP level 5. HP: 42/42 MP: 7/7
  2318 | D:3      | Found a sparkling altar of Nemelex Xobeh.
  2802 | D:3      | Killed from afar by an orc wizard

Vault maps used:
D:1:      giann_forest_graveyard, minmay_misc_feat_alley
D:2:      minmay_misc_feat_nine_boxes, uniq_jessica
D:3:      nemelex_xobeh_ov_fountains_minmay, nicolae_overflow_crystal_walls,
          first_ration, uniq_crazy_yiuf_cottage, uniq_terence
Abyss:1:  evilmike_abyss_exit_12
Abyss:2:  hangedman_abyss_exit_choices
Abyss:3:  nicolae_abyss_rune_left_handed

Skill      XL: |  1  2  3  4  5 |
---------------+----------------+-----
Dodging        | 3 4 |  4.0
Armour         | 1 |  1.8
Long Blades    | 3 |  3.3
Invocations    | 3 |  3.1
Fighting       | 4 |  4.0

Action                   |  1- 3 |  4- 6 || total
-------------------------+-------+-------++-------
Melee: Falchion          |   118 |    80 ||   198
Invok: Depart the Abyss  |     1 |       ||     1
 Stab: Sleeping          |       |     1 ||     1
  Eat: Chunk             |     3 |     3 ||     6
Armor: Leather armour    |    29 |    18 ||    47
       Chain mail        |       |    22 ||    22
Dodge: Dodged            |    86 |    48 ||   134
Block: Shield            |       |    10 ||    10
       Rpst.: Falchion   |    25 |    17 ||    42

Table legend:
 A = Spawn XP
 B = Non-spawn XP
 C = Spawn XP percentage of total XP
 D = Spawn monster count
 E = Non-spawn monster count
 F = Spawn count percentage of total count
 G = Total turns spent on level
                    A         B        C        D         E        F      G
               +---------+---------+-------+---------+---------+-------+---------
         Total |       0 |     253 |   0.0 |       0 |      63 |   0.0 |  2802
               +---------+---------+-------+---------+---------+-------+---------
           D:1 |       0 |      37 |   0.0 |       0 |      20 |   0.0 |  1000
           D:2 |       0 |     150 |   0.0 |       0 |      28 |   0.0 |  1099
           D:3 |       0 |      66 |   0.0 |       0 |      15 |   0.0 |   548
               +---------+---------+-------+---------+---------+-------+---------
